 Dungeon Crawl Stone Soup version 0.28.0-45-g0d030f2227 (console) character file.

Game seed: 11133843951734484779

29 Banquo the Magician (level 3, -19/27 HPs)
             Began as a Djinni Ice Elementalist on Apr 23, 2022.
             Demolished by an ogre
             ... wielding a +0 giant club
              (20 damage)
             ... on level 2 of the Dungeon.
             The game lasted 00:04:47 (1703 turns).

Banquo the Magician (Djinni Ice Elementalist)       Turns: 1703, Time: 00:04:48

Health: -19/27     AC:  3    Str:  7    XL:     3   Next: 32%
Gold:   99         EV: 12    Int: 18    God:
                   SH:  0    Dex: 13

rFire   + + .      SeeInvis .   l - +0 short sword
rCold   x . .      Faith    .   (no shield)
rNeg    . . .      Spirit   .   a - +0 robe
rPois   ∞          Reflect  .   (no helmet)
rElec   .          Harm     .   i - +0 cloak
rCorr   .          Rampage  .   (no gloves)
Will    .....                   (boots unavailable)
Stlth   ++........              (no amulet)
HPRegen 0.09/turn               (no ring)
MPRegen 0.00/turn               (no ring)

@: flying
A: sickness immunity, fire resistance 2, cold vulnerability 1, float, innate
caster, HP casting, extra vitality 1
a: no special abilities


You were on level 2 of the Dungeon.
You visited 1 branch of the dungeon, and saw 2 of its levels.

You collected 99 gold pieces.

Inventory:

Hand Weapons
 c - a +0 club
 l - a +0 short sword (weapon)
Missiles
 b - 6 poisoned darts
 e - 84 stones
Armour
 a - a +0 robe (worn)
 i - a +0 cloak (worn)
Jewellery
 m - an amulet of regeneration
Scrolls
 d - a scroll of holy word {unknown}
 f - a scroll of immolation {unknown}
 h - a scroll of identify {unknown}
Potions
 g - a potion of haste {unknown}
 j - a potion of brilliance {unknown}
 k - a potion of heal wounds {unknown}
 n - a potion of curing {unknown}
 o - 2 potions of degeneration {unknown}
 p - a potion of attraction {unknown}


   Skills:
 * Level 1.0 Fighting
 - Level 2.1 Dodging
 - Level 1.5 Stealth
 + Level 3.8 Spellcasting


You couldn't memorise any spells.
You knew the following spells:

 Your Spells              Type           Power      Damage    Failure   Level
a - Freeze                Ice            68%        1d8       3%          1
e - Apportation           Tloc           34%        N/A       3%          1
f - Frozen Ramparts       Ice            34%        1d5       9%          3
h - Hailstorm             Conj/Ice       17%        3d6       30%         4
o - Ozocubu's Armour      Ice            17%        N/A       9%          3
Your spell library was empty.

Dungeon Overview and Level Annotations

Branches:
Dungeon (2/15)

Altars:


Innate Abilities, Weirdness & Mutations

You are immune to sickness and miasma.
You are immune to poison.
Your flesh is very heat resistant. (rF++)
You are vulnerable to cold. (rC-)
You float through the air rather than walking.
You learn spells naturally, not from books.
Your magical power is your life essence.
You have superior vitality. (+4 MHP)


Message History

An ogre comes into view. It is wielding a +0 giant club.
Casting: Freeze (safe; 3% risk of failure)
Confirm with . or Enter, or press ? or * to list all spells.
Aiming: Freeze (safe; 3% risk of failure)
Press: ? - help, Shift-Dir - straight line, f - ogre
Aim: an ogre, wielding a +0 giant club (asleep)
You freeze the ogre!
The ogre is moderately wounded.
The ogre hits you with a +0 giant club!!
Ouch! That really hurt!
* * * LOW HITPOINT WARNING * * *
Casting: Freeze (safe; 3% risk of failure)
Confirm with . or Enter, or press ? or * to list all spells.
Aiming: Freeze (safe; 3% risk of failure)
Press: ? - help, Shift-Dir - straight line, f/p - ogre
Aim: an ogre, wielding a +0 giant club (moderately wounded)
You freeze the ogre.
The ogre is heavily wounded.
* * * LOW HITPOINT WARNING * * *
The ogre barely misses you.
Casting: Freeze (safe; 3% risk of failure)
Confirm with . or Enter, or press ? or * to list all spells.
Aiming: Freeze (safe; 3% risk of failure)
Press: ? - help, Shift-Dir - straight line, f/p - ogre
Aim: an ogre, wielding a +0 giant club (heavily wounded)
You freeze the ogre.
The ogre is heavily wounded.
* * * LOW HITPOINT WARNING * * *
Unknown command.
Casting: Freeze (safe; 3% risk of failure)
Confirm with . or Enter, or press ? or * to list all spells.
Aiming: Freeze (safe; 3% risk of failure)
Press: ? - help, Shift-Dir - straight line, f/p - ogre
Aim: an ogre, wielding a +0 giant club (heavily wounded)
You freeze the ogre!
The ogre is almost dead.
* * * LOW HITPOINT WARNING * * *
The ogre hits you with a +0 giant club!!
Ouch! That really hurt!
You die...

##..........##.............>...
###.........).##############.....
..............# ##.<..
####..........# #....
##......<.## #.... ##......##
..... ######## ######... ##....
#.O....# #.... #######@# #....
#.......# ##### ###.#######
...##...# #......## #######
######### ####.#..####.....#
#........ ....##....#.....#
#........ .................##
#........
..#########........###........


You could see an ogre.

Vanquished Creatures
  4 ball pythons
  2 endoplasms
  A giant cockroach (D:1)
  5 goblins
  3 hobgoblins
  2 quokkas
  2 bats (D:2)
  2 frilled lizards (D:1)
  A kobold (D:1)
  4 rats
26 creatures vanquished.

Notes
Turn   | Place    | Note
-------+----------+-------------------------------------------
     0 | D:1      | Banquo the Djinni Ice Elementalist began the quest for the
                  | Orb.
     0 | D:1      | Reached XP level 1. HP: 15/15 MP: 0/0
   242 | D:1      | Reached XP level 2. HP: 20/22 MP: 0/0
   941 | D:1      | Reached XP level 3. HP: 20/26 MP: 0/0
   941 | D:1      | Learned a level 1 spell: Apportation
  1340 | D:2      | Found a faded altar of an unknown god.
  1349 | D:2      | Reached skill level 1 in Fighting
  1697 | D:2      | Noticed an ogre
  1703 | D:2      | Demolished by an ogre

Illustrated notes

Levels and vault maps discovered:
D:1:      minmay_arrival_four_circles, layout_basic, minmay_vboxes
D:2:      layout_rooms, dreamdust_ecumenical_altar_statues

Skill      XL: |  1  2  3 |
---------------+----------+-----
Fighting       | 1 |  1.0
Dodging        | |  2.1
Stealth        | |  1.5
Spellcasting   | |  3.8

Action                   || total
-------------------------++-------
 Cast: Freeze            ||    44
Armor: Robe              ||     7
Dodge: Dodged            ||     7
